 Dungeon Crawl Stone Soup version 0.23.2-33-g5129a83 (webtiles) character file.

Game seed: 14810692423788028437

36693 Fortress the Fighter (level 13, -7/204 HPs)
             Began as a Deep Dwarf Berserker on June 28, 2019.
             Was a High Priest of Trog.
             Mangled by a death yak (16 damage)
             ... on level 6 of the Lair of Beasts.
             The game lasted 01:58:05 (13962 turns).

Fortress the Fighter (Deep Dwarf Berserker)        Turns: 13962, Time: 01:58:06

Health: -7/204     AC: 16    Str: 36    XL:     13   Next: 54%
Magic:  6/6        EV: 16    Int:  8    God:    Trog [*****.]
Gold:   847        SH:  5    Dex: 13    Spells: 12/12 levels left

rFire    . . .     SeeInvis .   g - +2 dagger (vamp)
rCold    + . .     Gourm    .   v - +0 buckler
rNeg     + + .     Faith    .   L - +5 ring mail of Charity {rN++ Str+3 Slay+5 Stlth-}
rPois    .         Spirit   .   (no helmet)
rElec    .         Reflect  .   R - scarf {cloud immunity}
rCorr    .         Harm     +   U - +2 pair of gloves {Str+3}
MR       +....                  F - +0 pair of boots
Stlth    ..........             t - amulet of harm
HPRegen  0.00/turn              C - +4 ring of evasion
MPRegen  0.10/turn              G - ring of protection from cold

@: berserking (expiring), lethally poisoned (-7 -> -7), non-regenerating, very
quick
A: damage resistance, heal wounds, sense surroundings 2, no regeneration
a: Heal Wounds, Berserk, Trog's Hand, Brothers in Arms, Renounce Religion


You were on level 6 of the Lair of Beasts.
You worshipped Trog.
Trog was extremely pleased with you.
You were very hungry.

You visited 3 branches of the dungeon, and saw 16 of its levels.

You collected 847 gold pieces.

Inventory:

Hand Weapons
 f - a +1 battleaxe of draining
 g - a +2 vampiric dagger (weapon)
 N - a +1 long sword of slicing
 Q - a +3 mace
 T - a +1 morningstar of venom
 W - a +4 antimagic quarterstaff
Missiles
 j - 96 poisoned needles
Armour
 b - a +1 cloak
 n - a scarf of resistance
 v - a +0 buckler (worn)
 F - a +0 pair of boots (worn)
 L - the +5 ring mail of Charity (worn) {rN++ Str+3 Slay+5 Stlth-}
   (You found it on level 8 of the Dungeon)

   It affects your strength (+3).
   It affects your accuracy and damage with ranged weapons and melee attacks
   (+5).
   It greatly protects you from negative energy.
   It makes you less stealthy.
 R - a scarf of cloud immunity (worn)
 U - a +2 pair of gloves of strength (worn)
Jewellery
 e - an uncursed ring of see invisible
 h - an uncursed ring of protection from fire
 t - an amulet of harm (around neck)
 C - a +4 ring of evasion (left hand)
 G - a ring of protection from cold (right hand)
 V - an uncursed amulet of guardian spirit {unknown}
Wands
 M - a wand of clouds (1)
 X - a wand of polymorph (5)
 Y - a wand of flame (18)
Scrolls
 a - 2 scrolls of fog
 o - 4 scrolls of remove curse
 q - 5 scrolls of identify
 y - 3 scrolls of magic mapping
 A - 7 scrolls of teleportation
 H - a scroll of enchant armour
 K - 4 scrolls of blinking
Potions
 k - a potion of heal wounds {unknown}
 l - 3 potions of berserk rage
 p - 2 potions of brilliance
 r - 4 potions of curing
 u - a potion of invisibility {unknown}
 w - a potion of agility {unknown}
 x - a potion of flight {unknown}
 z - 2 potions of haste
 D - a potion of ambrosia {unknown}
 E - 3 potions of lignification
 J - 2 potions of degeneration {unknown}
 S - a potion of might {unknown}
Comestibles
 c - 30 rations


   Skills:
 + Level 14.6 Fighting
 - Level 8.0 Short Blades
 - Level 7.7(8.3) Axes
 - Level 4.0(6.1) Maces & Flails
 - Level 8.0 Armour
 - Level 3.0 Dodging
 - Level 6.0 Shields
 * Level 11.3 Evocations


You had 12 spell levels left.
You didn't know any spells.
Your spell library was empty.

Dungeon Overview and Level Annotations

Branches:
Dungeon (9/15)             Temple (1/1) D:7            Lair (6/6) D:9
 Shoals (0/4) Lair:2        Snake (0/4) Lair:2        Slime (0/5) Lair:5
    Orc: D:9-12

Altars:
Ashenzari
Cheibriados
Dithmenos
Elyvilon
Fedhas
Gozag
Hepliaklqana
Kikubaaqudgha
Makhleb
Nemelex Xobeh
Okawaru
Qazlal
Ru
Sif Muna
Trog
Uskayaw
Vehumet
Wu Jian
Xom
Yredelemnul
Zin
The Shining One

Shops:
D:6 }

Annotations:
D:7 2 transporters, ohno's ghost, novice TrMo
Lair:4 exclusion: oklob plant


Innate Abilities, Weirdness & Mutations

You are resistant to damage.
You can heal yourself by infusing magical energy.
You passively map the area around you.
You do not regenerate.


Message History

You puncture the death yak!
The death yak is almost dead.
The death yak closely misses you. The death yak gores you.
* * * LOW HITPOINT WARNING * * *
You hit the death yak but do no damage.
The death yak is almost dead.
The death yak closely misses you.
You barely miss the death yak.
The death yak is almost dead.
The komodo dragon bites you. The elephant misses you.
The elephant completely misses you. The death yak closely misses you. x2
The death yak barely misses you. x2
You puncture the death yak!
You feel better.
You kill the death yak!
Trog accepts your kill.
The blink frog blinks!
You hit the blink frog.
You feel better.
The blink frog is moderately wounded.
The death yak gores you!!
You die...

** ..[. * *, , ** * #..P##
, ,. * ###.....# ... * ,
,*, .., ###.#.....##..# ,
...##.P..#........... ,
,,.....................,,,
, , ,
.......F.F.........<. , ,
,#....lYYF.........##, * *
,, ###...@FY..........#*,
, *, * #P.YYYF#.#......# *
* #P...F.#.........# *
##...Y...<.......# ,
*#.........#.....# * * *
#................# , , ,
,....$.....(.#...... , ,
.........#...##..... , ,
#.#..###...##.... ,


You could see 4 death yaks, 3 elephants, a komodo dragon, 2 spiny frogs and 4
blink frogs.

Vanquished Creatures
  Rupert (Lair:4)
  An ice dragon (Lair:5)
  3 hydras
  6 death yaks
  3 oklob plants (Lair:5)
  13 elephants
  6 black mambas
  10 spiny frogs
  5 komodo dragons
  2 rime drakes
  A polar bear (Lair:5)
  Prince Ribbit (Lair:2)
  5 hippogriffs
  22 blink frogs
  A spriggan (D:7)
  5 basilisks
  4 yaks (Lair:3)
  Eustachio (D:5)
  7 water moccasins
  13 porcupines
  3 ice beasts
  An orc warrior (D:8)
  3 phantoms
  A black bear (D:6)
  16 wolves
  2 necrophages
  7 ogres
  2 centaurs
  13 crocodiles
  Blork the orc (D:5)
  A gnoll sergeant (D:6)
  17 bullfrogs
  2 killer bees (D:7)
  2 scorpions (D:7)
  5 wights (D:5)
  2 electric eels (Lair:5)
  2 howler monkeys
  2 bullfrog zombies
  3 crimson imps
  5 hounds
  3 jellies
  5 orc wizards
  4 orc priests
  2 bullfrog skeletons
  10 worker ants
  A hound skeleton (D:6)
  A howler monkey zombie (D:8)
  10 adders
  11 gnolls
  3 shadow imps
  4 oozes
  2 adder skeletons
  2 worms
  3 dart slugs
  5 leopard geckos
  16 orcs
  6 giant cockroaches
  3 goblins
  10 hobgoblins
  12 jackals
  3 quokkas
  2 ball pythons
  18 bats
  7 frilled lizards
  10 kobolds
  2 leopard gecko skeletons
  13 rats
  3 fungi
371 creatures vanquished.

Vanquished Creatures (others)
  A black bear (D:6)
  2 orc wizards (D:5)
  9 fungi
  4 plants
16 creatures vanquished.

Grand Total: 387 creatures vanquished

Notes
Turn   | Place    | Note
-------+----------+-------------------------------------------
     0 | D:1      | Fortress the Deep Dwarf Berserker began the quest for the
                  | Orb.
     0 | D:1      | Reached XP level 1. HP: 20/20 MP: 1/1
    12 | D:1      | Reached XP level 2. HP: 24/27 MP: 2/2
    80 | D:1      | Reached skill level 3 in Fighting
   381 | D:1      | Reached ** piety under Trog
   385 | D:1      | Reached XP level 3. HP: 20/34 MP: 3/3
   775 | D:2      | Found a faded altar of an unknown god.
  1367 | D:3      | Reached XP level 4. HP: 23/42 MP: 4/4
  1644 | D:3      | Found a glowing silver altar of Zin.
  1645 | D:3      | Found an opulent altar of Gozag.
  1868 | D:3      | Reached *** piety under Trog
  1868 | D:3      | Reached skill level 5 in Axes
  1873 | D:3      | Reached XP level 5. HP: 44/49 MP: 5/5
  2075 | D:4      | Found a blossoming altar of Fedhas.
  2215 | D:4      | Noticed a phantom
  2290 | D:4      | Killed a phantom
  2290 | D:4      | Reached XP level 6. HP: 15/57 MP: 6/6
  2331 | D:4      | Reached skill level 4 in Fighting
  2350 | D:4      | Found a snail-covered altar of Cheibriados.
  2663 | D:4      | Found a hazy altar of Hepliaklqana.
  2685 | D:5      | Entered Level 5 of the Dungeon
  2705 | D:5      | Reached XP level 7. HP: 58/66 MP: 5/5
  2743 | D:5      | Reached skill level 1 in Shields
  2787 | D:5      | Noticed Blork the orc
  2817 | D:5      | Killed Blork the orc
  2999 | D:5      | Reached skill level 5 in Armour
  3156 | D:5      | Found a deep blue altar of Sif Muna.
  3184 | D:5      | Reached XP level 8. HP: 44/73 MP: 6/6
  3394 | D:5      | Noticed Eustachio
  3431 | D:5      | Killed Eustachio
  3431 | D:5      | Reached skill level 5 in Fighting
  3541 | D:5      | Reached skill level 1 in Short Blades
  4202 | D:6      | Found Sackom's Gadget Emporium.
  4259 | D:6      | Gained mutation: You passively map the area around you.
                  | [Deep Dwarf growth]
  4259 | D:6      | Reached XP level 9. HP: 61/81 MP: 4/4
  4557 | D:6      | Found a bloodstained altar of Trog.
  5083 | D:7      | Found a shattered altar of Ashenzari.
  5189 | D:7      | Found a staircase to the Ecumenical Temple.
  5200 | Temple   | Entered the Ecumenical Temple
  5546 | D:7      | Reached skill level 6 in Fighting
  5554 | D:7      | Reached **** piety under Trog
  5811 | D:7      | Noticed a moth of wrath
  5818 | D:7      | Found a transporter.
  5844 | D:7      | Noticed ohno's ghost (novice TrMo)
  5955 | D:7      | Found a transporter.
  6440 | D:7      | Reached skill level 5 in Short Blades
  6717 | D:8      | Reached skill level 5 in Shields
  6729 | D:8      | Got a spiked ring mail
  6740 | D:8      | Identified the +5 ring mail of Charity {rN++ Str+3 Slay+5
                  | Stlth-} (You found it on level 8 of the Dungeon)
  7020 | D:8      | Reached XP level 10. HP: 85/92 MP: 4/4
  7803 | D:9      | Found a staircase to the Lair.
  7818 | D:9      | Found a radiant altar of Vehumet.
  8119 | Lair:1   | Entered Level 1 of the Lair of Beasts
  8140 | Lair:1   | Noticed a spiny frog
  8161 | Lair:1   | Killed a spiny frog
  8369 | Lair:1   | Reached skill level 7 in Fighting
  8625 | Lair:1   | Noticed a spiny frog
  8653 | Lair:1   | Killed a spiny frog
  8653 | Lair:1   | Reached skill level 1 in Evocations
  8661 | Lair:1   | Received a gift from Trog
  8699 | Lair:1   | Noticed a six-headed hydra
  8782 | D:9      | Reached skill level 8 in Fighting
  9060 | D:9      | Killed a six-headed hydra
  9060 | D:9      | Reached XP level 11. HP: 36/104 MP: 6/8
  9189 | Lair:1   | Reached skill level 1 in Maces & Flails
  9321 | Lair:1   | Got a fine scale mail
  9332 | Lair:1   | Identified the cursed +1 scale mail "Noebbom" {rElec Str+2}
                  | (You found it on level 1 of the Lair of Beasts)
  9390 | Lair:1   | Reached skill level 5 in Evocations
  9653 | Lair:2   | Reached skill level 9 in Fighting
  9826 | Lair:2   | Noticed an eight-headed hydra
  9827 | Lair:2   | Killed an eight-headed hydra
  9858 | Lair:2   | Noticed Prince Ribbit
  9888 | Lair:2   | Killed Prince Ribbit
  9958 | Lair:2   | Reached ***** piety under Trog
 10025 | Lair:2   | Reached skill level 10 in Fighting
 10229 | Lair:2   | Found a staircase to the Shoals.
 10509 | Lair:2   | Found a staircase to the Snake Pit.
 10618 | Lair:3   | Reached XP level 12. HP: 95/118 MP: 9/9
 10705 | Lair:3   | Noticed an eight-headed hydra
 10707 | Lair:3   | Killed an eight-headed hydra
 10707 | Lair:3   | Reached skill level 11 in Fighting
 10744 | Lair:3   | You fall through a shaft for 2 floors!
 10744 | Lair:5   | Found a staircase to the Slime Pits.
 11139 | Lair:4   | Reached skill level 12 in Fighting
 11140 | Lair:4   | You fall through a shaft!
 11800 | Lair:3   | Noticed Rupert
 11837 | Lair:4   | Killed Rupert
 11837 | Lair:4   | Reached skill level 13 in Fighting
 11837 | Lair:4   | Reached skill level 10 in Evocations
 12081 | Lair:2   | Reached XP level 13. HP: 85/133 MP: 9/9
 12543 | Lair:3   | You fall through a shaft for 2 floors!
 13047 | Lair:5   | Noticed an ettin
 13047 | Lair:5   | a four-headed hydra changed into an ettin
 13049 | Lair:5   | an ettin changed into an ice dragon
 13396 | Lair:5   | Reached skill level 14 in Fighting
 13559 | Lair:5   | Received a gift from Trog
 13897 | Lair:6   | Entered Level 6 of the Lair of Beasts
 13957 | Lair:6   | HP: 9/204 [death yak (7)]
 13958 | Lair:6   | HP: 3/204 [death yak (5)]
 13962 | Lair:6   | Mangled by a death yak

Skill      XL: |  1  2  3  4  5  6  7  8  9 10 11 12 13 |
---------------+----------------------------------------+-----
Fighting       | 3 4 5 6 8 10 13 14 | 14.6
Axes           | 4 5 6 7 |  7.7
Armour         | 3 4 5 7 8 |  8.0
Dodging        | 3 |  3.0
Shields        | 1 3 5 6 |  6.0
Short Blades   | 3 6 8 |  8.0
Evocations     | 4 8 10 11 | 11.3
Maces & Flails | 4 |  4.0

Action                   |  1- 3 |  4- 6 |  7- 9 | 10-12 | 13-15 || total
-------------------------+-------+-------+-------+-------+-------++-------
Melee: Hand axe          |   140 |   250 |   194 |       |       ||   584
       Dagger            |       |       |  1124 |   951 |   462 ||  2537
       Mace              |       |       |       |    48 |       ||    48
Invok: Trog's Hand       |     1 |     3 |    10 |     6 |     1 ||    21
       Berserk           |       |     1 |     8 |     3 |     4 ||    16
 Abil: Heal Wounds       |       |     4 |    14 |    25 |    14 ||    57
Evoke: Wand              |       |       |       |    10 |     6 ||    16
  Use: Scroll            |       |       |     9 |     7 |     3 ||    19
  Eat: Chunk             |     1 |     7 |    13 |    12 |     4 ||    37
       Ration            |       |       |     6 |     4 |     2 ||    12
Armor: Animal skin       |    10 |       |       |       |       ||    10
       Chain mail        |    88 |   101 |   415 |       |       ||   604
       Leather armour    |       |       |    63 |       |       ||    63
       Ring mail         |       |       |    18 |   330 |   150 ||   498
       Skin              |       |       |     3 |       |       ||     3
Dodge: Dodged            |    87 |   104 |   621 |   706 |   290 ||  1808
Block: Buckler           |       |    20 |   256 |   261 |   101 ||   638
